| TOP OF THE 1ST |
|
Dayton Dragons batting - Pitching for Great Lakes Loons : RHP Servaas Morrow
|
|
Pitching: RHP Servaas Morrow
|
|
|
Batting: RHB Mark Williams
|
0-0: Called Strike 0-1: Called Strike 0-2: Ball 1-2: Strikes out swinging
|
|
Batting: LHB Leo Gomez
|
0-0: Called Strike 0-1: Swinging Strike 0-2: Strikes out looking
|
|
Batting: SHB Kristian Kristensen
|
0-0: Ball 1-0: Ball 2-0: Ball 3-0: Called Strike 3-1: Base on Balls
|
|
Batting: LHB Chris Grunwald
|
0-0: Foul Ball, location: 2F 0-1: Swinging Strike 0-2: Ball 1-2: Foul Ball, location: 2F 1-2: Ball 2-2: Foul Ball, location: 2F 2-2: Strikes out swinging
|
| Top of the 1st over - 0 runs, 0 hits, 0 errors, 1 left on base; Dayton 0 - Great Lakes 0 |
| BOTTOM OF THE 1ST |
|
Great Lakes Loons batting - Pitching for Dayton Dragons : RHP Justin Ezzell
|
|
Pitching: RHP Justin Ezzell
|
|
|
Batting: RHB Alex Mejia
|
0-0: Called Strike 0-1: Fly out, F3 (Flyball, 3D, EV 91.9 MPH)
|
|
Batting: RHB Jerry Sanchez
|
0-0: Called Strike 0-1: Ball 1-1: Ball 2-1: Foul Ball, location: 2F 2-2: Ball 3-2: SINGLE (Groundball, 56, EV 96.9 MPH)
|
|
Batting: RHB Mike Sims
|
0-0: Called Strike Jerry Sanchez steals 2nd base 0-1: Called Strike Jerry Sanchez steals 3rd base 0-2: Ball 1-2: SINGLE (Groundball, 6MD, EV 103.8 MPH) Jerry Sanchez scores
|
|
Batting: LHB Alberto Chavez
|
0-0: Ball Mike Sims steals 2nd base 1-0: Called Strike 1-1: Ball 2-1: SINGLE (Line Drive, 3D, EV 99.4 MPH) Mike Sims to third Runner from 3rd tries for Home, throw by RF and OUT! 9-2 Alberto Chavez to second
|
|
Batting: LHB Chris Barrera
|
0-0: Ball 1-0: Called Strike 1-1: Ball 2-1: Ball 3-1: SINGLE (Groundball, 34D, EV 101.9 MPH) Alberto Chavez to third Runner from 3rd tries for Home, SAFE, throw by RF to home
|
|
Batting: RHB Ashton Crenshaw
|
0-0: Swinging Strike 0-1: Foul Ball, location: 2F 0-2: Ground out 6-3 (Groundball, 6S, EV 79.4 MPH)
|
| Bottom of the 1st over - 2 runs, 4 hits, 0 errors, 1 left on base; Dayton 0 - Great Lakes 2 |
| TOP OF THE 2ND |
|
Dayton Dragons batting - Pitching for Great Lakes Loons : RHP Servaas Morrow
|
|
Batting: RHB Bruno André
|
0-0: Ball 1-0: Called Strike 1-1: Ball 2-1: Ball 3-1: Base on Balls
|
|
Batting: LHB Andrew Hamm
|
0-0: Ball 1-0: Called Strike Bruno André steals 2nd base 1-1: Swinging Strike 1-2: Foul Ball, location: 2F 1-2: Strikes out looking
|
|
Batting: RHB Jonathan Davis
|
0-0: Ball 1-0: Called Strike 1-1: 2-RUN HOME RUN (Flyball, 9D, EV 97.5 MPH), Distance : 358 ft
|
|
Batting: RHB Pat Grover
|
0-0: Called Strike 0-1: Ball 1-1: Ball 2-1: Foul Ball, location: 2F 2-2: Ball 3-2: Base on Balls
|
|
Batting: RHB Tim Walter
|
0-0: Called Strike 0-1: Foul Ball, location: 2F 0-2: Foul Ball, location: 2F 0-2: Ball 1-2: Strikes out looking
|
|
Batting: RHB Mark Williams
|
0-0: Called Strike 0-1: Ball 1-1: Ball 2-1: Ball 3-1: Called Strike 3-2: Foul Ball, location: 2F 3-2: Strikes out swinging
|
| Top of the 2nd over - 2 runs, 1 hit, 0 errors, 1 left on base; Dayton 2 - Great Lakes 2 |
| BOTTOM OF THE 2ND |
|
Great Lakes Loons batting - Pitching for Dayton Dragons : RHP Justin Ezzell
|
|
Batting: RHB Phil Knox
|
0-0: Fly out, F3 (Popup, 3F, EV 81.9 MPH)
|
|
Batting: RHB Josh Kimbrell
|
0-0: Swinging Strike 0-1: Foul Ball, location: 2F 0-2: Foul Ball, location: 2F 0-2: Strikes out swinging
|
|
Batting: RHB Santos Guadalupe
|
0-0: Reached on error, E4 (Groundball, 4, EV 88.8 MPH)
|
|
Batting: RHB Alex Mejia
|
0-0: Called Strike 0-1: Ball 1-1: Ball 2-1: Foul Ball, location: 2F 2-2: Foul Ball, location: 2F 2-2: Foul Ball, location: 2F 2-2: Ball 3-2: Foul Ball, location: 2F 3-2: SINGLE (Groundball, 6D, EV 104.4 MPH) Santos Guadalupe to second Santos Guadalupe to third
|
|
Batting: RHB Jerry Sanchez
|
0-0: Ball 1-0: Swinging Strike 1-1: Ball 2-1: Reached on error, E5 (Groundball, 56, EV 83.8 MPH) Santos Guadalupe scores Alex Mejia to second
|
|
Batting: RHB Mike Sims
|
0-0: Foul Ball, location: 2F 0-1: Ball 1-1: Reached on error, E4 (Groundball, 6M, EV 82.5 MPH) Alex Mejia to third Jerry Sanchez to second
|
|
Batting: LHB Alberto Chavez
|
0-0: Fielders Choice at 2nd, U6 (Groundball, 6M, EV 91.9 MPH)
|
| Bottom of the 2nd over - 1 run, 1 hit, 3 errors, 3 left on base; Dayton 2 - Great Lakes 3 |
| TOP OF THE 3RD |
|
Dayton Dragons batting - Pitching for Great Lakes Loons : RHP Servaas Morrow
|
|
Batting: LHB Leo Gomez
|
0-0: Swinging Strike 0-1: Foul Ball, location: 2F 0-2: Strikes out looking
|
|
Batting: SHB Kristian Kristensen
|
0-0: Swinging Strike 0-1: Foul Ball, location: 2F 0-2: Ground out U3 (Groundball, 3, EV 93.1 MPH)
|
|
Batting: LHB Chris Grunwald
|
0-0: Ball 1-0: Called Strike 1-1: Ball 2-1: Foul Ball, location: 2F 2-2: Ball 3-2: Strikes out swinging
|
| Top of the 3rd over - 0 runs, 0 hits, 0 errors, 0 left on base; Dayton 2 - Great Lakes 3 |
| BOTTOM OF THE 3RD |
|
Great Lakes Loons batting - Pitching for Dayton Dragons : RHP Justin Ezzell
|
|
Batting: LHB Chris Barrera
|
0-0: Swinging Strike 0-1: Foul Ball, location: 2F 0-2: Foul Ball, location: 2F 0-2: Ball 1-2: Foul Ball, location: 2F 1-2: Ball 2-2: Strikes out swinging
|
|
Batting: RHB Ashton Crenshaw
|
0-0: Ball 1-0: Called Strike 1-1: Ball 2-1: Foul Ball, location: 2F 2-2: Strikes out swinging
|
|
Batting: RHB Phil Knox
|
0-0: Ball 1-0: Called Strike 1-1: Swinging Strike 1-2: Fly out, F4 (Flyball, 4D, EV 94.4 MPH)
|
| Bottom of the 3rd over - 0 runs, 0 hits, 0 errors, 0 left on base; Dayton 2 - Great Lakes 3 |
| TOP OF THE 4TH |
|
Dayton Dragons batting - Pitching for Great Lakes Loons : RHP Servaas Morrow
|
|
Batting: RHB Bruno André
|
0-0: Foul Ball, location: 2F 0-1: Called Strike 0-2: SINGLE (Line Drive, 9S, EV 100.0 MPH)
|
|
Batting: LHB Andrew Hamm
|
0-0: Ball 1-0: Fly out, F3 (Popup, 3S, EV 85.6 MPH)
|
|
Batting: RHB Jonathan Davis
|
0-0: Ball 1-0: Ball 2-0: Foul Ball, location: 2F 2-1: Ball 3-1: SINGLE (Line Drive, 4M, EV 97.5 MPH) Bruno André to second
|
|
Batting: RHB Pat Grover
|
0-0: Called Strike 0-1: Swinging Strike 0-2: Ball 1-2: Strikes out swinging
|
|
Batting: RHB Tim Walter
|
0-0: Swinging Strike 0-1: Ground out 5-3 (Groundball, 5S, EV 94.4 MPH)
|
| Top of the 4th over - 0 runs, 2 hits, 0 errors, 2 left on base; Dayton 2 - Great Lakes 3 |
| BOTTOM OF THE 4TH |
|
Great Lakes Loons batting - Pitching for Dayton Dragons : RHP Justin Ezzell
|
|
Batting: RHB Josh Kimbrell
|
0-0: Ball 1-0: SINGLE (Groundball, 6D, EV 103.8 MPH)
|
|
Batting: RHB Santos Guadalupe
|
0-0: Foul Ball, location: 2F 0-1: Ball 1-1: Called Strike 1-2: Ball 2-2: Strikes out swinging
|
|
Batting: RHB Alex Mejia
|
0-0: Foul Ball, location: 2F 0-1: Ball 1-1: Ball 2-1: Fielders Choice at 2nd, 3-6 (Groundball, 34S, EV 85.6 MPH)
|
|
Batting: RHB Jerry Sanchez
|
0-0: Called Strike 0-1: Called Strike Alex Mejia steals 2nd base (no throw) 0-2: Ball Wild Pitch! Alex Mejia to third 1-2: Foul Ball, location: 2F 1-2: Foul Ball, location: 2F 1-2: Strikes out swinging
|
| Bottom of the 4th over - 0 runs, 1 hit, 0 errors, 1 left on base; Dayton 2 - Great Lakes 3 |
| TOP OF THE 5TH |
|
Dayton Dragons batting - Pitching for Great Lakes Loons : RHP Servaas Morrow
|
|
Batting: RHB Mark Williams
|
0-0: Ball 1-0: Ball 2-0: Ground out 3-1 (Groundball, 34S, EV 68.8 MPH)
|
|
Batting: LHB Leo Gomez
|
0-0: Ball 1-0: Fly out, F8 (Flyball, 8LD, EV 100.6 MPH)
|
|
Batting: SHB Kristian Kristensen
|
0-0: Foul Ball, location: 2F 0-1: Ball 1-1: Ball 2-1: Swinging Strike 2-2: Ball 3-2: Base on Balls
|
|
Batting: LHB Chris Grunwald
|
0-0: Ball 1-0: Foul Ball, location: 2F 1-1: Foul Ball, location: 2F 1-2: Ball 2-2: Ball 3-2: DOUBLE (Flyball, 89D, EV 110.0 MPH) Kristian Kristensen to third Kristian Kristensen scores
|
|
Batting: RHB Bruno André
|
0-0: Ball 1-0: Ball 2-0: Called Strike 2-1: Foul Ball, location: 2F 2-2: Foul Ball, location: 2F 2-2: Foul Ball, location: 2F 2-2: Ground out 6-3 (Groundball, 6, EV 90.0 MPH)
|
| Top of the 5th over - 1 run, 1 hit, 0 errors, 1 left on base; Dayton 3 - Great Lakes 3 |
| BOTTOM OF THE 5TH |
|
Great Lakes Loons batting - Pitching for Dayton Dragons : RHP Justin Ezzell
|
|
Batting: RHB Mike Sims
|
0-0: Foul Ball, location: 2F 0-1: SINGLE (Groundball, 34S, EV 73.1 MPH) (infield hit)
|
|
Batting: LHB Alberto Chavez
|
0-0: Ball 1-0: Ball 2-0: Foul Ball, location: 2F 2-1: Called Strike 2-2: Fielders Choice at 2nd, 6-4 (Groundball, 6, EV 90.6 MPH)
|
|
Batting: LHB Chris Barrera
|
0-0: Ball 1-0: Ball 2-0: SINGLE (Groundball, 4, EV 98.8 MPH) (infield hit) Alberto Chavez to second
|
|
Pinch Runner at 2nd Matt Fields:
|
|
|
Batting: RHB Ashton Crenshaw
|
0-0: Fly out, F7 (Flyball, 7, EV 91.9 MPH)
|
|
Batting: RHB Phil Knox
|
0-0: Ball 1-0: Ground out 4-3 (Groundball, 4, EV 82.5 MPH)
|
| Bottom of the 5th over - 0 runs, 2 hits, 0 errors, 2 left on base; Dayton 3 - Great Lakes 3 |
| TOP OF THE 6TH |
|
Dayton Dragons batting - Pitching for Great Lakes Loons : RHP Servaas Morrow
|
|
Pitching: RHP Mark McDonald
|
|
|
Now at 1B: Jayden Copeland
|
|
|
Batting: LHB Andrew Hamm
|
0-0: Ball 1-0: Foul Ball, location: 2F 1-1: Fly out, F4 (Flyball, 3D, EV 71.2 MPH)
|
|
Batting: RHB Jonathan Davis
|
0-0: Foul Ball, location: 2F 0-1: Swinging Strike 0-2: Ball 1-2: Strikes out swinging
|
|
Batting: RHB Pat Grover
|
0-0: Ball 1-0: Ball 2-0: Called Strike 2-1: Ground out 4-3 (Groundball, 4, EV 101.2 MPH)
|
| Top of the 6th over - 0 runs, 0 hits, 0 errors, 0 left on base; Dayton 3 - Great Lakes 3 |
| BOTTOM OF THE 6TH |
|
Great Lakes Loons batting - Pitching for Dayton Dragons : RHP Justin Ezzell
|
|
Batting: RHB Josh Kimbrell
|
0-0: Ball 1-0: DOUBLE (Line Drive, 89D, EV 106.2 MPH)
|
|
Batting: RHB Santos Guadalupe
|
0-0: Foul Ball, location: 2F 0-1: Ground out 6-3 (Groundball, 4M, EV 86.9 MPH) Josh Kimbrell to third
|
|
Batting: RHB Alex Mejia
|
0-0: Called Strike 0-1: Ball 1-1: Ball 2-1: Called Strike 2-2: SINGLE (Groundball, 34D, EV 94.4 MPH) Josh Kimbrell scores
|
|
Pitching: RHP Doug Elliott
|
|
|
Batting: RHB Jerry Sanchez
|
0-0: Called Strike Alex Mejia steals 2nd base 0-1: Ball 1-1: Fly out, F9 (Flyball, 9S, EV 85.6 MPH)
|
|
Batting: RHB Mike Sims
|
0-0: Ball 1-0: Ground out 1-3 (Groundball, 15S, EV 73.1 MPH)
|
| Bottom of the 6th over - 1 run, 2 hits, 0 errors, 1 left on base; Dayton 3 - Great Lakes 4 |
| TOP OF THE 7TH |
|
Dayton Dragons batting - Pitching for Great Lakes Loons : RHP Mark McDonald
|
|
Batting: RHB Tim Walter
|
0-0: Ball 1-0: Ball 2-0: Called Strike 2-1: Called Strike 2-2: Ball 3-2: Base on Balls
|
|
Pinch Hitting: LHB Matt Kennedy
|
0-0: Ball 1-0: SINGLE (Flyball, 8RS, EV 100.0 MPH) Tim Walter to second
|
|
Batting: LHB Leo Gomez
|
0-0: Called Strike 0-1: Swinging Strike 0-2: Fly out, F8 (Flyball, 8RM, EV 96.9 MPH)
|
|
Batting: SHB Kristian Kristensen
|
0-0: Swinging Strike 0-1: Ball 1-1: Fielders Choice at 2nd, 6-4 (Groundball, 6, EV 91.2 MPH) Tim Walter to third
|
|
Batting: LHB Chris Grunwald
|
0-0: Ball 1-0: Foul Ball, location: 2F 1-1: Foul Ball, location: 2F 1-2: Foul Ball, location: 2F 1-2: Ball 2-2: Ball 3-2: Fly out, F6 (Popup, 6MS, EV 85.0 MPH)
|
| Top of the 7th over - 0 runs, 1 hit, 0 errors, 2 left on base; Dayton 3 - Great Lakes 4 |
| BOTTOM OF THE 7TH |
|
Great Lakes Loons batting - Pitching for Dayton Dragons : RHP Doug Elliott
|
|
Pitching: RHP Justin Ambrose
|
|
|
Now at 2B: John Galluzzo
|
|
|
Batting: RHB Jayden Copeland
|
0-0: Ball 1-0: Ball 2-0: Foul Ball, location: 2F 2-1: Ball 3-1: Ground out U3 (Groundball, 3S, EV 83.1 MPH)
|
|
Batting: LHB Chris Barrera
|
0-0: Called Strike 0-1: Foul Ball, location: 2F 0-2: Ball 1-2: Foul Ball, location: 2F 1-2: Ball 2-2: Strikes out swinging
|
|
Batting: RHB Ashton Crenshaw
|
0-0: Ball 1-0: Called Strike 1-1: Fly out, F6 (Line Drive, 6, EV 70.0 MPH)
|
| Bottom of the 7th over - 0 runs, 0 hits, 0 errors, 0 left on base; Dayton 3 - Great Lakes 4 |
| TOP OF THE 8TH |
|
Dayton Dragons batting - Pitching for Great Lakes Loons : RHP Mark McDonald
|
|
Pitching: RHP Bobby Primaticcio
|
|
|
Batting: RHB Bruno André
|
0-0: Fly out, F6 (Line Drive, 6, EV 63.8 MPH)
|
|
Batting: LHB Andrew Hamm
|
0-0: Ball 1-0: Called Strike 1-1: Called Strike 1-2: Strikes out swinging
|
|
Batting: RHB Jonathan Davis
|
0-0: Called Strike 0-1: SINGLE (Flyball, 89S, EV 95.6 MPH)
|
|
Batting: RHB Pat Grover
|
0-0: Called Strike 0-1: Ball 1-1: Foul Ball, location: 2F 1-2: Ball 2-2: Strikes out swinging
|
| Top of the 8th over - 0 runs, 1 hit, 0 errors, 1 left on base; Dayton 3 - Great Lakes 4 |
| BOTTOM OF THE 8TH |
|
Great Lakes Loons batting - Pitching for Dayton Dragons : RHP Justin Ambrose
|
|
Pitching: LHP Tim Ketcham
|
|
|
Batting: RHB Phil Knox
|
0-0: Ball 1-0: Ball 2-0: SINGLE (Groundball, 6M, EV 106.9 MPH) (infield hit)
|
|
Batting: RHB Josh Kimbrell
|
0-0: Ball 1-0: Grounds into double play, 3-6-3 (Groundball, 3, EV 104.4 MPH)
|
|
Batting: RHB Santos Guadalupe
|
0-0: Called Strike 0-1: Ball 1-1: Swinging Strike 1-2: Foul Ball, location: 2F 1-2: Ball 2-2: Ball 3-2: Foul Ball, location: 2F 3-2: Strikes out swinging
|
| Bottom of the 8th over - 0 runs, 1 hit, 0 errors, 0 left on base; Dayton 3 - Great Lakes 4 |
| TOP OF THE 9TH |
|
Dayton Dragons batting - Pitching for Great Lakes Loons : RHP Bobby Primaticcio
|
|
Pitching: RHP George Credle
|
|
|
Batting: RHB Tim Walter
|
0-0: Ball 1-0: Ground out 6-3 (Groundball, 56S, EV 88.1 MPH)
|
|
Batting: RHB John Galluzzo
|
0-0: Ball 1-0: Swinging Strike 1-1: SOLO HOME RUN (Line Drive, 7LD, EV 100.0 MPH), Distance : 356 ft
|
|
Batting: LHB Leo Gomez
|
0-0: Called Strike 0-1: Ball 1-1: Ball 2-1: Ball 3-1: Base on Balls
|
|
Batting: SHB Kristian Kristensen
|
0-0: Ball Leo Gomez steals 2nd base 1-0: Ball 2-0: Ball 3-0: Base on Balls
|
|
Batting: LHB Chris Grunwald
|
0-0: Foul Ball, location: 2F 0-1: Ball 1-1: Ball 2-1: Called Strike Leo Gomez steals 3rd, throwing error, E2 Leo Gomez scores Kristian Kristensen to third 2-2: Foul Ball, location: 2F 2-2: Ball 3-2: Intentional Walk
|
|
Batting: RHB Bruno André
|
0-0: Ball Chris Grunwald is caught stealing 2nd base 2-4 1-0: Called Strike 1-1: Ball 2-1: Ball 3-1: Called Strike 3-2: Strikes out looking
|
| Top of the 9th over - 2 runs, 1 hit, 1 error, 1 left on base; Dayton 5 - Great Lakes 4 |
| BOTTOM OF THE 9TH |
|
Great Lakes Loons batting - Pitching for Dayton Dragons : LHP Tim Ketcham
|
|
Batting: RHB Alex Mejia
|
0-0: SINGLE (Line Drive, 89S, EV 96.2 MPH)
|
|
Batting: RHB Jerry Sanchez
|
0-0: Ball 1-0: SINGLE (Groundball, 56S, EV 100.0 MPH) Alex Mejia to second
|
|
Batting: RHB Mike Sims
|
0-0: Ball 1-0: Grounds into double play, 6-4-3 (Groundball, 6D, EV 103.8 MPH) Alex Mejia to third
|
|
Batting: RHB Jayden Copeland
|
0-0: Called Strike 0-1: Foul Ball, location: 2F 0-2: Foul Ball, location: 2F 0-2: Ground out 6-3 (Groundball, 56D, EV 100.0 MPH)
|
| Bottom of the 9th over - 0 runs, 2 hits, 0 errors, 1 left on base; Dayton 5 - Great Lakes 4 |
|